 Dungeon Crawl Stone Soup version 0.31-a0-986-g5e6e4ef867 (webtiles) character file.

Game seed: 16739927114362588813

84 Sanktem7 the Trooper (level 4, -6/40 HPs)
             Began as a Minotaur Fighter on Nov 9, 2023.
             Killed by divine providence
             ... invoked by an orc priest
              (8 damage)
             ... on level 3 of the Dungeon.
             The game lasted 00:01:40 (1850 turns).

Sanktem7 the Trooper (Minotaur Fighter)             Turns: 1850, Time: 00:01:41

Health: -6/40      AC:  7    Str: 22    XL:     4   Next: 23%
Magic:  3/3        EV:  9    Int:  5    God:
Gold:   77         SH:  4    Dex: 10    Spells: 3/3 levels left

rFire   . . .        a - +0 war axe {axe}
rCold   . . .        c - +0 buckler
rNeg    . . .        b - +0 scale mail
rPois   .            (helmet restricted)
rElec   .            (no cloak)
rCorr   .            (no gloves)
SInv    .            (no boots)
Will    +....        (no amulet) Stlth
                     k - ring of willpower
HPRegen 0.26/turn    (no ring)
MPRegen 0.08/turn

%: no passive effects
@: no status effects
A: horns 2, retaliatory headbutt
a: no special abilities


You were on level 3 of the Dungeon.
You visited 1 branch of the dungeon, and saw 3 of its levels.

You collected 77 gold pieces.


Innate Abilities, Weirdness & Mutations

You have a pair of horns on your head.
You reflexively headbutt those who attack you in melee.


   Skills:
 + Level 4.2 Fighting
 * Level 4.0 Axes
 + Level 4.2 Armour
 + Level 4.2 Shields


You had 3 spell levels left.
You didn't know any spells.
Your spell library contained the following spells:

 Spells                   Type           Power      Damage    Failure   Level
 Ignite Poison            Fire/Tmut/Pois 0%         N/A       99%         3
 Sticky Flame             Conj/Fire      0%         2d3       100%        4
 Ignition                 Fire           0%         3d3       100%        8

Inventory:

Hand Weapons
 a - a +0 war axe (weapon) {axe}
Missiles
 e - 15 stones {throwing}
 i - 5 datura-tipped darts {throwing}
Armour
 b - a +0 scale mail (worn)
 c - a +0 buckler (worn)
Jewellery
 k - a ring of willpower (left hand)
   (You found it on level 2 of the Dungeon)
Wands
 g - a wand of iceblast (7)
   (You found it on level 3 of the Dungeon)
Scrolls
 f - a scroll of immolation {unknown}
 h - a scroll of silence {unknown}
 j - 2 scrolls of identify {unknown}
Potions
 d - a potion of might

Dungeon Overview and Level Annotations

Branches:
Dungeon (3/15) Zot: 16118

Altars:

Shops:
D:2

( ..#.# ...#. #.#.#
.... #.#.#####..# ###
#. #.#........ ...
#...##ol.## #..###.#
#....o.#l.###..<...#
#......##oo##......##
#......###S##........#
#....^.#
#..@.....##...
#...####
###....#.#.... #...
##.......# . #..
#.#####.# #..
#.....#.# #####.# .


You could see 2 orc priests, an adder and 2 frilled lizards.


Message History

You kill the kobold!
No target in view!
No target in view!
No target in view!
No target in view!
Key pressed, stopping explore.
Done exploring.
Done exploring.
k - a ring of willpower (left hand)
You drop an amulet of faith {!P}.
There is a stone staircase leading down here.
You climb downwards.
There is a stone staircase leading up here.
g - a wand of iceblast (7)
A quokka comes into view.
A quokka is nearby!
You hit the quokka.
You kill the quokka!
No target in view!
No target in view!
No target in view!
No target in view! 2 orc priests and 2 orcs come into view.
An orc priest is wielding a +1 vampiric short sword.
The orc shouts! x2; You hear a shout!
You hear an angry hiss.
An orc comes into view. It is wielding a +0 mace.
The orc priest moves out of view.
There are monsters nearby!
Unknown command.
An adder comes into view.
The orc priest hits you with a +1 vampiric short sword.
The orc priest miscasts a cantrip. 😕 HP[-3]
You take 3 damage, and now have 37/40 hp.
You barely miss the orc priest.
The adder hisses angrily.
You headbutt the orc priest, but do no damage.
You hit the orc. You barely miss the orc.
The orc priest hits you but does no damage.
The orc hits you but does no damage. The orc hits you with a +0 mace.
You closely miss the orc. Your headbutt misses the orc.
You closely miss the orc. You slash the orc priest!
The orc priest barely misses you.
The orc hits you with a +0 flail. 😕 HP[-2]
You take 2 damage, and now have 35/40 hp.
You closely miss the orc priest. You hit the orc but do no damage.
You slash the orc!
You kill the orc!
You barely miss the orc.
The orc priest calls down the wrath of Beogh upon you.
Beogh smites you! The orc priest barely misses you.
The orc hits you but does no damage. The orc barely misses you.
A frilled lizard comes into view.
The orc priest hits you with a +1 vampiric short sword.
The orc priest draws strength from your wounds!
The orc hits you but does no damage. 😮 HP[-13]
You take 13 damage, and now have 22/40 hp.
MASSIVE DAMAGE!! (PAUSE) 😮 HP[+1]
You closely miss the orc. The orc hits you with a +0 flail.
* * * LOW HITPOINT WARNING * * *
😨 HP[-4]
You take 4 damage, and now have 19/40 hp.
You hit the orc. The orc barely misses you. 😨 HP[+1]
You hit the orc. The orc hits you with a +0 flail.
* * * LOW HITPOINT WARNING * * *
The orc priest calls upon Beogh to heal something.
The orc barely misses you.
You hear an angry hiss. 😨 HP[-1]
You take 1 damage, and now have 19/40 hp.
You hit the orc.
You kill the orc!
The adder closely misses you. You furiously retaliate!
You headbutt the adder.
Your Axes skill increases to level 4!
You hit the adder. The adder bites you but does no damage.
The orc priest calls down the wrath of Beogh upon you.
Beogh smites you!
* * * LOW HITPOINT WARNING * * *
A frilled lizard comes into view.
The orc priest looks satisfied for a moment.
The adder bites you but does no damage. 😱 HP[-14]
You take 14 damage, and now have 5/40 hp.
MASSIVE DAMAGE!! (PAUSE)
The adder attacks as it pursues you! The adder bites you.
* * * LOW HITPOINT WARNING * * *
😱 HP[-1]
You take 1 damage, and now have 4/40 hp.
The adder bites you.
* * * LOW HITPOINT WARNING * * *
😱 HP[-3]
You take 3 damage, and now have 1/40 hp.
The adder barely misses you. 😱 HP[+1]
The orc priest invokes the aid of Beogh against you.
Beogh smites you!
You die...

Skill      XL: |  1  2  3  4 |
---------------+-------------+-----
Axes           | 3 4 |  4.0
Fighting       | 4 |  4.2
Armour         | 4 |  4.2
Shields        | 4 |  4.2

Action                     |  1- 3 |  4- 6 || total
---------------------------+-------+-------++-------
  Melee: War axe           |    65 |    23 ||    88
         Headbutt          |     4 |     1 ||     5
 Armour: Scale mail        |    44 |    24 ||    68
  Dodge: Dodged            |    29 |    15 ||    44
  Block: Buckler           |    18 |     2 ||    20

Levels and vault maps discovered:
D:1:      nicolae_arrival_washed_ashore, layout_loops_cross,
          serial_co_window_serial, co_window_paths_a,
          co_window_of_opportunity_a, co_window_paths_a, co_window_paths_a,
          co_window_paths_b, co_window_of_opportunity_c,
          co_window_of_opportunity_b, co_window_of_opportunity_b,
          co_window_broadway_c, co_window_paths_e, co_window_4corner_a,
          corner_web_ring
D:2:      layout_loops_ring, serial_shops, shop,
          hellmonk_ecumenical_altar_inner_sanctum,
          wander_ebering_terrifying_dragon_lair
D:3:      layout_basic, nicolae_overflows_in_rows

Notes
Turn   | Place    | Note
-------+----------+-------------------------------------------
     0 | D:1      | Sanktem7 the Minotaur Fighter began the quest for the Orb.
     0 | D:1      | Reached XP level 1. HP: 19/19 MP: 0/0
     0 | D:1      | magus.rc [v1.9.6]
   153 | D:1      | You add the spells Ignite Poison, Sticky Flame and Ignition
                  | to your library.
   201 | D:1      | Reached XP level 2. HP: 27/27 MP: 1/1
   268 | D:1      | Reached skill level 3 in Axes
  1164 | D:2      | Reached skill level 4 in Fighting
  1164 | D:2      | Reached skill level 4 in Armour
  1164 | D:2      | Reached skill level 4 in Shields
  1164 | D:2      | Reached XP level 3. HP: 29/33 MP: 2/2
  1251 | D:2      | Found Hatoxet's Weapon Shoppe.
  1325 | D:2      | Reached XP level 4. HP: 40/40 MP: 3/3
  1647 | D:2      | Found a faded altar of an unknown god.
  1845 | D:3      | Reached skill level 4 in Axes
  1845 | D:3      | HP: 5/40 [orc priest/divine providence (15)]
  1847 | D:3      | HP: 1/40 [adder (3)]
  1850 | D:3      | Killed from afar by an orc priest

Vanquished Creatures
  4 gnolls (D:2)
  2 orcs (D:3)
  5 ball pythons
  4 endoplasms
  3 giant cockroaches
  3 goblins
  4 hobgoblins
  3 jackals (D:1)
  3 kobolds (D:2)
  A quokka (D:3)
  2 bats
  3 frilled lizards
  3 rats
40 creatures vanquished.

Table legend:
 A = Non-vault XP
 B = Vault XP
 C = Vault XP percentage of total XP
 D = Non-vault monster count
 E = Vault monster count
 F = Vault count percentage of total count
                 A         B        C        D         E       F
            +---------+---------+-------+---------+---------+-------
      Total |     119 |       1 |   0.8 |      39 |       1 |   2.5
            +---------+---------+-------+---------+---------+-------
        D:1 |      31 |       0 |   0.0 |      18 |       0 |   0.0
        D:2 |      80 |       1 |   1.2 |      18 |       1 |   5.3
        D:3 |       8 |       0 |   0.0 |       3 |       0 |   0.0
            +---------+---------+-------+---------+---------+-------

Skill      XL: |  1  2  3  4 |
---------------+-------------+-----
Axes           | 3 4 |  4.0
Fighting       | 4 |  4.2
Armour         | 4 |  4.2
Shields        | 4 |  4.2

Action                     |  1- 3 |  4- 6 || total
---------------------------+-------+-------++-------
  Melee: War axe           |    65 |    23 ||    88
         Headbutt          |     4 |     1 ||     5
 Armour: Scale mail        |    44 |    24 ||    68
  Dodge: Dodged            |    29 |    15 ||    44
  Block: Buckler           |    18 |     2 ||    20

Illustrated notes

Table legend:
 A = Kills in this place as a percentage of kills in the entire game.
 B = Kills by you in this place as a percentage of kills by you in the entire game.
 C = Kills by friends in this place as a percentage of kills by friends in the entire game.
 D = Other kills in this place as a percentage of other kills in the entire game.
 E = Experience gained in this place as a percentage of experience gained in the entire game.
 F = Experience gained in this place divided by the number of levels of this place that you have seen.
                   A       B       C       D       E      F
               +-------+-------+-------+-------+-------+----------------------
         Total | 100.0 | 100.0 |   N/A |   N/A | 100.0 |  40.0
       Dungeon | 100.0 | 100.0 |   N/A |   N/A | 100.0 |  40.0
               +-------+-------+-------+-------+-------+----------------------

Table legend: (Time is in decaauts)
 A = Elapsed time spent in this place.
 B = Non-inter-level travel time spent in this place.
 C = Inter-level travel time spent in this place.
 D = Time resting spent in this place.
 E = Time spent auto-exploring this place.
 F = Levels seen in this place.
 G = Mean time per level.
                   A        B        C        D        E       F      G
               +--------+--------+--------+--------+--------+-----+--------+
         Total |   1880 |   1858 |     22 |      0 |   1631 |   3 |  626.7 |
       Dungeon |   1880 |   1858 |     22 |      0 |   1631 |   3 |  626.7 |
               +--------+--------+--------+--------+--------+-----+--------+

Top non-repeatable levels by time:
     D:1: 1150 daAuts
     D:2: 690 daAuts
     D:3: 39 daAuts
